 Dungeon Crawl Stone Soup version 0.29.1-13-g9f3cf754e1 (webtiles) character file.

Game seed: 13594389079287771550

7181 LustLizard the Grappler (level 11, -6/86 HPs)
             Began as a Gnoll Wanderer on Feb 7, 2023.
             Was an Elder of Cheibriados.
             Mangled by Lodul
             ... wielding a +0 dire flail
              (20 damage)
             ... on level 10 of the Dungeon.
             The game lasted 00:24:51 (12322 turns).

LustLizard the Grappler (Gnoll Wanderer)           Turns: 12322, Time: 00:24:52

Health: -6/86      AC: 17    Str: 24    XL:     11   Next: 11%
Magic:  16/21      EV: 15    Int: 24    God:    Cheibriados [****..]
Gold:   381        SH:  5    Dex: 18    Spells: 20/23 levels left

rFire   . . .      SeeInvis .   M - +1 war axe
rCold   . . .      Faith    .   (no shield)
rNeg    . . .      Spirit   .   P - +0 plate armour
rPois   .          Reflect  +   m - +0 helmet
rElec   .          Harm     .   d - +0 cloak
rCorr   .          Rampage  .   q - +0 pair of gloves
Will    .....                   s - +0 pair of boots
Stlth   ..........              J - amulet of reflection
HPRegen 0.24/turn               w - +4 ring of slaying
MPRegen 0.17/turn               D - +4 ring of evasion

@: very slow
A: fangs 1, strong nose, distributed training
a: Renounce Religion, Bend Time, Temporal Distortion, Slouch


You were on level 10 of the Dungeon.
You worshipped Cheibriados.
Cheibriados was greatly pleased with you.
You visited 2 branches of the dungeon, and saw 11 of its levels.
You also visited: Ossuary.

You collected 463 gold pieces.
You spent 82 gold pieces at shops.

Inventory:

Hand Weapons
 f - a +2 scimitar of flaming
 M - a +1 war axe (weapon)
Missiles
 l - 44 stones
 A - 7 boomerangs
 B - 19 poisoned darts (quivered)
 O - a curare-tipped dart
Armour
 d - a +0 cloak (worn)
 m - a +0 helmet (worn)
 q - a +0 pair of gloves (worn)
 s - a +0 pair of boots (worn)
 N - a +0 scale mail of willpower
 P - a +0 plate armour (worn)
Jewellery
 h - a ring of fire
 n - a ring of poison resistance
 w - a +4 ring of slaying (left hand)
 x - a ring of positive energy
 D - a +4 ring of evasion (right hand)
 J - an amulet of reflection (around neck)
Wands
 a - a wand of digging (5)
 v - a wand of paralysis (5)
 I - a wand of roots (7)
Scrolls
 b - 3 scrolls of fear
 c - 3 scrolls of blinking
 e - 5 scrolls of teleportation
 g - 4 scrolls of fog
 r - a scroll of amnesia {unknown}
 t - a scroll of magic mapping {unknown}
 y - a scroll of brand weapon {unknown}
 C - 2 scrolls of enchant armour {unknown}
 E - 2 scrolls of enchant weapon
 G - 2 scrolls of immolation
 H - 2 scrolls of noise
 K - 2 scrolls of poison {unknown}
 R - a scroll of acquirement {unknown}
Potions
 i - a potion of resistance
 j - 2 potions of haste
 k - 6 potions of flight
 o - 5 potions of attraction
 p - 4 potions of curing
 u - 3 potions of mutation
 z - 6 potions of might
 F - a potion of ambrosia
 L - 3 potions of lignification
 Q - 2 potions of brilliance {unknown}
 S - a potion of berserk rage {unknown}


   Skills:
 + Level 7.8 Fighting
 + Level 6.2 Short Blades
 + Level 6.2 Long Blades
 + Level 6.2 Axes
 + Level 7.8 Maces & Flails
 + Level 6.2 Polearms
 + Level 6.2 Staves
 + Level 6.2 Ranged Weapons
 + Level 6.2 Throwing
 + Level 6.2 Armour
 + Level 7.8 Dodging
 + Level 6.2 Stealth
 + Level 6.2 Shields
 + Level 9.1 Unarmed Combat
 + Level 6.9 Spellcasting
 + Level 5.1 Conjurations
 + Level 5.1 Hexes
 + Level 5.1 Summonings
 + Level 5.1 Necromancy
 + Level 5.1 Translocations
 + Level 5.1 Transmutations
 + Level 5.1 Fire Magic
 + Level 5.1 Ice Magic
 + Level 5.1 Air Magic
 + Level 5.1 Earth Magic
 + Level 5.1 Poison Magic
 + Level 6.8 Invocations
 + Level 6.2 Evocations


You had 20 spell levels left.
You knew the following spells:

 Your Spells              Type           Power      Damage    Failure   Level
a - Poisonous Vapours     Pois/Air       66%        N/A       19%         2
b - Freeze                Ice            100%       1d11      13%         1

Your spell library contained the following spells:

 Spells                   Type           Power      Damage    Failure   Level
 Sting                    Tmut/Pois      100%       1d8       13%         1
 Static Discharge         Conj/Air       33%        3-8/arc   19%         2
 Frozen Ramparts          Ice            66%        1d10      36%         3
 Gell's Gravitas          Tloc           33%        N/A       36%         3
 Teleport Other           Tloc           33%        N/A       36%         3
 Dispel Undead            Necr           33%        3d14      77%         4
 Hailstorm                Conj/Ice       33%        3d8       77%         4
 Olgreb's Toxic Radiance  Pois           33%        N/A       77%         4
 Sticky Flame             Conj/Fire      33%        2d5       77%         4
 Dispersal                Tloc           16%        N/A       100%        6
 Disjunction              Tloc           16%        N/A       100%        8


Dungeon Overview and Level Annotations

Branches:
Dungeon (10/15)            Temple (1/1) D:5            Lair (0/5) D:9
Ossuary (visited)
    Orc: D:9-12

Altars:
Ashenzari
Cheibriados
Dithmenos
Elyvilon
Fedhas
Gozag
Hepliaklqana
Kikubaaqudgha
Makhleb
Nemelex Xobeh
Okawaru
Qazlal
Ru
Sif Muna
Trog
Uskayaw
Vehumet
Wu Jian
Yredelemnul
Zin
The Shining One

Shops:
D:1 (   D:3 [   D:7 [??(

Annotations:
D:10 Lodul


Innate Abilities, Weirdness & Mutations

You have very sharp teeth.
Your uncanny sense of smell can sniff out nearby items.
Your experience applies equally to all skills.


Message History

You kill the ogre!
Cheibriados appreciates the change of pace.
Electricity crackles from Lodul's apparatus.
The bolt of lightning hits you! The ogre misses you.
You slash the ogre!
You kill the ogre!
Cheibriados thoroughly appreciates the change of pace.
You block Lodul's attack. You block the ogre's attack.
You block Lodul's attack.
Items here: )) ††.
You barely miss Lodul. You hit the ogre. The ogre barely misses you.
You slash Lodul!
Lodul is lightly wounded.
You slash the ogre! Lodul misses you.
You slash Lodul! You punch Lodul.
Lodul is moderately wounded.
You hit the ogre. The ogre closely misses you. Lodul barely misses you.
You slash Lodul! Your bite misses Lodul.
Lodul is heavily wounded.
You slash the ogre!
You kill the ogre!
Cheibriados thoroughly appreciates the change of pace.
Cheibriados raises the support of your attributes as your movement slows.
Lodul hits you with a +0 dire flail!!
* * * LOW HITPOINT WARNING * * *
Okay, then.
You hit Lodul. You bite Lodul.
Lodul is severely wounded.
Lodul barely misses you.
You completely miss Lodul. You bite Lodul, but do no damage.
Lodul is severely wounded.
You barely miss Lodul. Your punch misses Lodul.
Lodul is severely wounded.
Lodul closely misses you.
Activating: Slouch (11% risk of failure)
Press: ? - help, Dir - look around, f - activate You can feel time thicken for a moment.
Cheibriados lowers the support of your attributes as your movement quickens.
Lodul hits you with a +0 dire flail!!
You die...

#. ....... #.### #.
##...(... #...# #.
#........ #.#.#
#.##.#..##.# #.#.#
#.#....^.#.#.######.#.#
#......###..........#.#
######.###......<####.#
#O....#####.# #.#
#@#.#.# #.####.#
#)#.#.# #......#
#....># #.####.#
###.#.#####.# #.#
#>#.......####)#
#.#######......# #.#
##...##... #.#
##......### #.#
#.......# #


You could see Lodul (resistant).

Vanquished Creatures
  Erica (D:8)
  A hornet (D:8)
  4 wyverns
  A wraith (D:10)
  Eustachio (D:4)
  4 yaks (D:9)
  A steam dragon (D:7)
  An acid dragon (D:8)
  2 water moccasins (D:5)
  A black bear (D:6)
  2 sky beasts
  5 orc warriors
  2 ice beasts
  8 ogres
  3 centaurs
  2 phantoms
  4 kobold brigands
  An elf zombie (Ossuary)
  A gnoll sergeant (D:6)
  3 necrophages
  A scorpion (D:5)
  5 wights (D:8)
  4 killer bees (D:9)
  3 howler monkeys (D:8)
  2 centaur zombies (Ossuary)
  A human zombie (Ossuary)
  11 orc priests
  Crazy Yiuf (D:2)
  5 hounds
  2 jellies (D:4)
  An iguana (D:4)
  9 orc wizards
  3 mummies
  8 gnolls
  7 adders
  A shadow imp (D:7)
  2 white imps
  2 ufetubi
  An adder zombie (Ossuary)
  3 worms
  3 dart slugs
  45 orcs
  5 bats
  6 endoplasms
  2 giant cockroaches
  5 goblins
  7 hobgoblins
  4 jackals (D:3)
  16 kobolds
  3 quokkas
  2 ball pythons (D:1)
  2 frilled lizards (D:1)
  2 goblin zombies (Ossuary)
  10 hobgoblin zombies (Ossuary)
  A jackal zombie (Ossuary)
  14 kobold zombies
  5 orc zombies
  4 rats
  2 rat zombies (Ossuary)
258 creatures vanquished.

Notes
Turn   | Place    | Note
-------+----------+-------------------------------------------
     0 | D:1      | LustLizard the Gnoll Wanderer began the quest for the Orb.
     0 | D:1      | LustLizard set off with the following items: a +0 mace, a
                  | scroll of fear, a scroll of blinking, a +0 cloak, a scroll
                  | of teleportation, a +0 leather armour.
     0 | D:1      | Reached XP level 1. HP: 20/20 MP: 4/4
   198 | D:1      | Reached XP level 2. HP: 20/26 MP: 5/5
   672 | D:1      | Found Mawirgh's Weapon Boutique.
  1276 | D:2      | Reached XP level 3. HP: 31/31 MP: 7/7
  1338 | D:2      | Reached skill level 1 in Invocations
  1607 | D:2      | Reached skill level 1 in Short Blades
  1607 | D:2      | Reached skill level 1 in Long Blades
  1607 | D:2      | Reached skill level 1 in Axes
  1607 | D:2      | Reached skill level 1 in Polearms
  1607 | D:2      | Reached skill level 1 in Staves
  1607 | D:2      | Reached skill level 1 in Ranged Weapons
  1607 | D:2      | Reached skill level 1 in Throwing
  1607 | D:2      | Reached skill level 1 in Armour
  1607 | D:2      | Reached skill level 1 in Stealth
  1607 | D:2      | Reached skill level 1 in Shields
  1607 | D:2      | Reached skill level 1 in Evocations
  1617 | D:2      | Found a faded altar of an unknown god.
  1793 | D:2      | Found a runed translucent door.
  1794 | D:2      | Noticed Crazy Yiuf
  2130 | D:3      | Reached XP level 4. HP: 38/38 MP: 8/8
  2363 | D:3      | Reached skill level 1 in Conjurations
  2363 | D:3      | Reached skill level 1 in Hexes
  2363 | D:3      | Reached skill level 1 in Summonings
  2363 | D:3      | Reached skill level 1 in Necromancy
  2363 | D:3      | Reached skill level 1 in Translocations
  2363 | D:3      | Reached skill level 1 in Transmutations
  2363 | D:3      | Reached skill level 1 in Fire Magic
  2363 | D:3      | Reached skill level 1 in Ice Magic
  2363 | D:3      | Reached skill level 1 in Air Magic
  2363 | D:3      | Reached skill level 1 in Earth Magic
  2363 | D:3      | Reached skill level 1 in Poison Magic
  2455 | D:3      | Reached XP level 5. HP: 33/43 MP: 9/9
  2542 | D:3      | Found Sycec's Antique Armour Emporium.
  2917 | D:4      | Noticed an ogre
  2928 | D:4      | Killed an ogre
  3379 | D:4      | Reached XP level 6. HP: 50/50 MP: 11/11
  3384 | D:4      | Found a glowing golden altar of the Shining One.
  3409 | D:4      | Reached skill level 5 in Fighting
  3409 | D:4      | Reached skill level 5 in Maces & Flails
  3409 | D:4      | Reached skill level 5 in Dodging
  3946 | D:4      | Noticed Eustachio
  3965 | D:4      | Killed Eustachio
  3966 | D:4      | Reached skill level 7 in Unarmed Combat
  3966 | D:4      | Reached XP level 7. HP: 45/56 MP: 12/12
  4026 | D:4      | Found a broken altar of Ashenzari.
  4914 | D:5      | Entered Level 5 of the Dungeon
  4949 | D:5      | Found a burning altar of Makhleb.
  4949 | D:5      | Found a glowing silver altar of Zin.
  4950 | D:5      | Noticed an angel
  4950 | D:5      | Noticed a cacodemon
  4970 | D:5      | Found a staircase to the Ecumenical Temple.
  5009 | D:5      | Reached XP level 8. HP: 38/63 MP: 14/14
  5011 | Temple   | Entered the Ecumenical Temple
  5016 | Temple   | Became a worshipper of Cheibriados the Contemplative
  5161 | D:5      | Found a sand-covered staircase.
  5171 | Ossuary  | Entered an ossuary
  5381 | Ossuary  | Reached * piety under Cheibriados
  6238 | D:6      | Reached ** piety under Cheibriados
  6631 | D:6      | Reached XP level 9. HP: 30/69 MP: 16/16
  6642 | D:6      | Reached skill level 5 in Spellcasting
  7324 | D:7      | Found Nereomm's Weapon Shop.
  7347 | D:7      | Reached *** piety under Cheibriados
  7353 | D:7      | Reached skill level 8 in Unarmed Combat
  7522 | D:7      | Reached skill level 5 in Invocations
  7670 | D:7      | Found Zuuhufa's Magic Scroll Shop.
  7924 | D:7      | Found Idicon's Antique Armour Emporium.
  7941 | D:7      | Found Dingal Bithre's Magic Scroll Shop.
  7953 | D:7      | You fall into a shaft and drop 1 floor!
  8072 | D:8      | Noticed a hornet
  8076 | D:8      | Paralysed by a hornet for 3 turns
  8082 | D:8      | Killed a hornet
  8159 | D:8      | Reached skill level 5 in Short Blades
  8159 | D:8      | Reached skill level 5 in Long Blades
  8159 | D:8      | Reached skill level 5 in Axes
  8159 | D:8      | Reached skill level 5 in Polearms
  8159 | D:8      | Reached skill level 5 in Staves
  8159 | D:8      | Reached skill level 5 in Ranged Weapons
  8159 | D:8      | Reached skill level 5 in Throwing
  8159 | D:8      | Reached skill level 5 in Armour
  8159 | D:8      | Reached skill level 5 in Stealth
  8159 | D:8      | Reached skill level 5 in Shields
  8159 | D:8      | Reached skill level 5 in Evocations
  8159 | D:8      | Reached XP level 10. HP: 29/77 MP: 18/18
  8759 | D:7      | Bought a scroll of blinking for 82 gold pieces
  8857 | D:7      | Found a hide-covered altar of Uskayaw.
  9027 | D:2      | Killed Crazy Yiuf
  9027 | D:2      | Reached **** piety under Cheibriados
  9329 | D:8      | Learned a level 2 spell: Poisonous Vapours
  9331 | D:8      | Learned a level 1 spell: Freeze
  9848 | D:8      | Noticed Erica
  9858 | D:8      | Killed Erica
 10779 | D:9      | Reached ***** piety under Cheibriados
 11319 | D:9      | Found a staircase to the Lair.
 11428 | D:9      | Reached skill level 9 in Unarmed Combat
 11769 | D:9      | Reached skill level 5 in Conjurations
 11769 | D:9      | Reached skill level 5 in Hexes
 11769 | D:9      | Reached skill level 5 in Summonings
 11769 | D:9      | Reached skill level 5 in Necromancy
 11769 | D:9      | Reached skill level 5 in Translocations
 11769 | D:9      | Reached skill level 5 in Transmutations
 11769 | D:9      | Reached skill level 5 in Fire Magic
 11769 | D:9      | Reached skill level 5 in Ice Magic
 11769 | D:9      | Reached skill level 5 in Air Magic
 11769 | D:9      | Reached skill level 5 in Earth Magic
 11769 | D:9      | Reached skill level 5 in Poison Magic
 12041 | D:10     | Entered Level 10 of the Dungeon
 12047 | D:10     | Noticed Lodul
 12050 | D:10     | Reached XP level 11. HP: 85/85 MP: 21/21
 12322 | D:10     | Mangled by Lodul

Illustrated notes

Levels and vault maps discovered:
D:1:      roderic_crop_circles_arrival_small, layout_loops_corners,
          serial_shops, nicolae_shop_bloodbath_and_beyond, chequers_arboretum,
          minmay_misc_feat_more_columns, minmay_tree_intersection
D:2:      layout_basic, hellmonk_ecumenical_altar_lost_god, due_unseen_surprise,
          uniq_crazy_yiuf_cottage
D:3:      layout_loops_ring, serial_shops, nicolae_shop_crystal
D:4:      layout_basic, ashenzari_conservatory_becter, kennysheep_diamond,
          grunt_ministairs_13, chequers_serial_rivers_large_b, uniq_eustachio
D:5:      layout_basic, grunt_temple_overflow_order_and_chaos_2,
          minmay_temple_entry_sparse_star, nicolae_ossuary_entry_giza
D:6:      layout_cave_pools
D:7:      layout_cave_pools, nicolae_uskayaw_dance_studio, serial_shops,
          nicolae_shop_trees, shop, nicolae_shop_waterfront,
          nicolae_shop_crystal
D:8:      layout_loops_cross, uniq_erica
D:9:      layout_gridville, lair_entry_dummy, kennysheep_potato
D:10:     layout_loops_ring, doesnt_xom_only_xom, minmay_protected_statue,
          uniq_lodul
Temple:   sentei_temple_godly_chess

Skill      XL: |  1  2  3  4  5  6  7  8  9 10 |
---------------+-------------------------------+-----
Invocations    | 1 2 3 4 5 6 |  6.8
Short Blades   | 1 2 3 4 5 6 |  6.2
Long Blades    | 1 2 3 4 5 6 |  6.2
Axes           | 1 2 3 4 5 6 |  6.2
Polearms       | 1 2 3 4 5 6 |  6.2
Staves         | 1 2 3 4 5 6 |  6.2
Ranged Weapons | 1 2 3 4 5 6 |  6.2
Throwing       | 1 2 3 4 5 6 |  6.2
Armour         | 1 2 3 4 5 6 |  6.2
Stealth        | 1 2 3 4 5 6 |  6.2
Shields        | 1 2 3 4 5 6 |  6.2
Evocations     | 1 2 3 4 5 6 |  6.2
Spellcasting   | 3 4 5 6 |  6.9
Conjurations   | 1 2 3 4 5 |  5.1
Hexes          | 1 2 3 4 5 |  5.1
Summonings     | 1 2 3 4 5 |  5.1
Necromancy     | 1 2 3 4 5 |  5.1
Translocations | 1 2 3 4 5 |  5.1
Transmutations | 1 2 3 4 5 |  5.1
Fire Magic     | 1 2 3 4 5 |  5.1
Ice Magic      | 1 2 3 4 5 |  5.1
Air Magic      | 1 2 3 4 5 |  5.1
Earth Magic    | 1 2 3 4 5 |  5.1
Poison Magic   | 1 2 3 4 5 |  5.1
Fighting       | 5 6 7 |  7.8
Maces & Flails | 5 6 7 |  7.8
Dodging        | 5 6 7 |  7.8
Unarmed Combat | 7 8 9 |  9.1

Action                   |  1- 3 |  4- 6 |  7- 9 | 10-12 || total
-------------------------+-------+-------+-------+-------++-------
Melee: Mace              |    91 |   115 |   250 |       ||   456
       Bite              |     7 |    14 |    53 |    32 ||   106
       Punch             |     1 |     5 |    21 |    18 ||    45
       War axe           |       |       |   172 |   243 ||   415
Throw: Stone             |     3 |     7 |    10 |       ||    20
       Boomerang         |       |     6 |     5 |       ||    11
       Dart              |       |     5 |     9 |       ||    14
 Cast: Poisonous Vapours |       |       |       |     3 ||     3
Invok: Slouch            |       |       |       |     3 ||     3
Evoke: Wand              |       |     1 |     3 |       ||     4
  Use: Scroll            |     2 |     5 |    10 |     1 ||    18
       Potion            |       |     1 |     4 |       ||     5
 Stab: Paralysed         |       |     2 |    11 |       ||    13
       Distracted        |       |       |     1 |       ||     1
Armor: Leather armour    |     4 |       |       |       ||     4
       Chain mail        |    53 |    61 |   215 |     9 ||   338
       Plate armour      |       |       |       |    90 ||    90
Dodge: Dodged            |    39 |    60 |   258 |   191 ||   548
Block: Other             |       |       |    83 |    48 ||   131
       Reflection        |       |       |     1 |       ||     1
